 Dungeon Crawl Stone Soup version 0.22-a0-619-ga0c6fd2 (webtiles) character file.

435 Amnesiac the Conjurer (level 6, 0/43 HPs)
             Began as a Mummy Wizard on July 14, 2018.
             Was an Initiate of Gozag.
             Slain by a killer bee (8 damage)
             ... on level 4 of the Dungeon.
             The game lasted 00:05:11 (4181 turns).

Amnesiac the Conjurer (Mummy Wizard)                Turns: 4181, Time: 00:05:11

Health: 0/43       AC:  6    Str: 11    XL:     6   Next: 68%
Magic:  0/13       EV: 12    Int: 19    God:    Gozag
Gold:   542        SH:  0    Dex: 10    Spells: 5/14 levels left

rFire    x . .     SeeInvis .   a - +4 spear (pierce)
rCold    + . .     Gourm    .   (no shield)
rNeg     + + +     Faith    .   j - +0 robe
rPois    ∞         Spirit   +   l - +2 helmet
rElec    .         Reflect  .   n - +0 cloak
rCorr    .         Harm     .   (no gloves)
MR       .....                  (no boots)
Stlth    ++........             d - amulet of guardian spirit
HPRegen  0.14/turn              (no ring)
MPRegen  0.13/turn              (no ring)

@: very slightly contaminated
A: no food or potions, fire vulnerability, cold resistance 1, negative energy
resistance 3, torment resistance, unbreathing
a: Potion Petition, Call Merchant, Bribe Branch, Renounce Religion


You were on level 4 of the Dungeon.
You worshipped Gozag.
Gozag was pleased with you.
You were not hungry.

You visited 1 branch of the dungeon, and saw 4 of its levels.

You collected 577 gold pieces.
You paid 35 gold pieces to Gozag.

Inventory:

Hand Weapons
 a - a +4 spear of piercing (weapon)
 m - a +4 dagger
Armour
 j - a +0 robe (worn)
 l - a +2 helmet (worn)
 n - a +0 cloak (worn)
Jewellery
 d - an amulet of guardian spirit (around neck)
Wands
 b - a wand of flame (60)
Scrolls
 c - 7 scrolls of identify {!r, unknown}
 e - a scroll of enchant armour {!r, unknown}
 f - 3 scrolls of remove curse {!r, unknown}
 g - a scroll of teleportation {!r, unknown}
 h - 2 scrolls of amnesia {!r, unknown}
 i - 4 scrolls of magic mapping {!r, unknown}
 k - a scroll of noise {!r, unknown}
 o - a scroll of enchant weapon {!r, unknown}
 p - a scroll of blinking {!r, unknown}


   Skills:
 + Level 1.6 Fighting
 * Level 2.8 Dodging
 - Level 1.5 Stealth
 + Level 4.6 Spellcasting
 * Level 4.7 Conjurations
 - Level 0.7 Summonings
   Level 0.7 Translocations


You had 5 spell levels left.
You knew the following spells:

 Your Spells              Type           Power        Failure   Level  Hunger
a - Magic Dart            Conj           ###.         1%          1    N/A
b - Call Imp              Summ           #.......     14%         2    N/A
e - Mephitic Cloud        Conj/Pois/Air  ##......     21%         3    N/A
s - Conjure Flame         Conj/Fire      ##......     14%         3    N/A

Your spell library contained the following spells:

 Spells                   Type           Power        Failure   Level  Hunger
 Slow                     Hex            #.......     21%         2    N/A
 Blink                    Tloc           N/A          14%         2    N/A
 Spider Form              Tmut/Pois      #.........   36%         3    N/A
 Blade Hands              Tmut           #.........   98%         5    N/A
 Ice Form                 Ice/Tmut       #.......     78%         4    N/A
 Sticks to Snakes         Tmut           #.......     21%         2    N/A
 Beastly Appendage        Tmut           #.....       13%         1    N/A

Dungeon Overview and Level Annotations

Branches:
Dungeon (4/15)
 Temple: D:4-7

Altars:
Dithmenos
Elyvilon
Fedhas
Gozag
Makhleb
Yredelemnul
Zin

Shops:
D:2 *


Innate Abilities, Weirdness & Mutations

You do not eat or drink.
Your flesh is vulnerable to fire.
You are immune to poison.
Your flesh is cold resistant. (rC+)
You are immune to negative energy. (rN+++)
You are immune to unholy pain and torment.
You can survive without breathing.


Message History

The orc is engulfed in noxious fumes.
The orc appears confused.
The orc hits the orc wizard with a flail.
The orc wizard is engulfed in noxious fumes.
The orc wizard appears confused.
The orc wizard barely misses you.
You hit the orc wizard.
The orc wizard is severely wounded.
The orc wizard is engulfed in noxious fumes.
The orc wizard appears confused.
The orc wizard hits the orc but does no damage.
The orc is engulfed in noxious fumes.
The orc appears confused.
You hit the orc wizard.
You kill the orc wizard!
The orc is engulfed in noxious fumes.
The orc appears confused.
Things that are here:
7 gold pieces; a dagger; a robe You catch the helpless orc completely off-guard!
You hit the orc.
The orc is almost dead.
A killer bee comes into view.
The killer bee buzzes angrily.
You puncture the orc!
You kill the orc!
You hear an angry buzzing noise.
The killer bee misses you.
You hit the killer bee.
The killer bee is moderately wounded.
The killer bee barely misses you. x2
You closely miss the killer bee.
The killer bee is moderately wounded.
The killer bee closely misses you. The killer bee stings you.
A killer bee comes into view.
The killer bee stings you!
* * * LOW HITPOINT WARNING * * *
You barely miss the killer bee.
The killer bee is moderately wounded.
The killer bee stings you.
* * * LOW HITPOINT WARNING * * *
The killer bee stings you.
* * * LOW HITPOINT WARNING * * *
Things that are here:
7 gold pieces; a dagger; a robe The killer bee completely misses you.
Things that are here:
6 gold pieces; a dagger Evoke which item? (* to show all) (? for menu, Esc to quit)
Aiming: Throw Flame
Press: ? - help, Shift-Dir - straight line, f - killer bee
Aim: a killer bee (moderately wounded)
The puff of flame misses the killer bee.
The puff of flame hits the killer bee.
The killer bee is lightly wounded.
The killer bee stings you.
* * * LOW HITPOINT WARNING * * *
The killer bee stings you.
* * * LOW HITPOINT WARNING * * *
Evoke which item? (* to show all) (? for menu, Esc to quit)
Aiming: Throw Flame
Press: ? - help, Shift-Dir - straight line, f/p - killer bee
Aim: a killer bee (moderately wounded)
The puff of flame hits the killer bee.
The killer bee is almost dead.
The killer bee stings you!
You die...
Your body crumbles into a pile of gold.

....................!....
...........#.#..###......
.......#...#.##.# .....
####'###.#.#.##.###......
...#.###'#.#.##$$.'o.....
...'.#.....#.##$$##......
..>###.....#.###y# .....
...#.'.....#.# #y# ....
.#.#.#.....# #@## ...
.#.#.#.....# #..# ##
.#.#.+.....# ##.#
##.###.....# #.. #.#
#.....# ##.# #.# #######
.# #.# .# #.# .. #. .(...


You could see 2 killer bees.

Vanquished Creatures
  A scorpion (D:3)
  A killer bee (D:4)
  Crazy Yiuf (D:3)
  2 orc priests (D:4)
  An orc wizard (D:4)
  Natasha (thrice) (D:3)
  Robin (D:3)
  4 gnolls (D:2)
  An adder (D:2)
  2 oozes
  A worm (D:3)
  5 dart slugs
  2 leopard geckos (D:1)
  7 orcs
  12 bats
  2 giant cockroaches (D:4)
  9 goblins
  6 hobgoblins
  3 jackals (D:2)
  8 kobolds
  3 quokkas
  4 frilled lizards
  8 rats
  A fungus (D:2)
88 creatures vanquished.

Notes
Turn   | Place    | Note
-------+----------+-------------------------------------------
     0 | D:1      | Amnesiac the Mummy Wizard began the quest for the Orb.
     0 | D:1      | Reached XP level 1. HP: 13/13 MP: 5/5
    30 | D:1      | Reached skill level 1 in Conjurations
   153 | D:1      | Reached XP level 2. HP: 17/19 MP: 0/7
   157 | D:1      | Learned a level 2 spell: Call Imp
   441 | D:2      | Found an opulent altar of Gozag.
   443 | D:2      | Found Gozag's Platinum Reserve.
   508 | D:2      | Became a worshipper of Gozag Ym Sagoz the Greedy
   605 | D:1      | Reached XP level 3. HP: 24/24 MP: 2/8
   610 | D:1      | Learned a level 3 spell: Conjure Flame
   614 | D:1      | Learned a level 3 spell: Mephitic Cloud
  1106 | D:2      | Noticed a scorpion
  1204 | D:2      | Found a shadowy altar of Dithmenos.
  1254 | D:2      | Found a burning altar of Makhleb.
  1294 | D:2      | Found a blossoming altar of Fedhas.
  1538 | D:2      | Reached XP level 4. HP: 27/30 MP: 8/10
  2005 | D:2      | Found a faded altar of an unknown god.
  2265 | D:3      | Noticed Natasha
  2272 | D:3      | Killed Natasha
  2272 | D:3      | Reached XP level 5. HP: 35/35 MP: 7/11
  2389 | D:3      | Noticed Natasha
  2397 | D:3      | Killed Natasha
  2647 | D:3      | Noticed Natasha
  2659 | D:3      | Killed Natasha
  2965 | D:3      | Reached skill level 1 in Fighting
  3124 | D:3      | Found a basalt altar of Yredelemnul.
  3126 | D:3      | Found a white marble altar of Elyvilon.
  3127 | D:3      | Found a glowing silver altar of Zin.
  3407 | D:3      | Noticed Robin
  3416 | D:3      | Killed Robin
  3664 | D:3      | Found a runed door.
  3668 | D:3      | Noticed Crazy Yiuf
  3674 | D:3      | Killed Crazy Yiuf
  3674 | D:3      | Reached XP level 6. HP: 43/43 MP: 8/12
  4181 | D:4      | Slain by a killer bee

Vault maps used:
D:1:      nzn_arrival_depleted_hourglass, hangedman_decor_points
D:2:      grunt_dithmenos_smoke_and_mirrors, nicolae_gozag_zags_fifth_avenue,
          marbit_many_paths, fedhas_altar_3, chequers_ecumenical_altar_grove
D:3:      grunt_temple_overflow_open, first_ration, minmay_misc_feat_cross,
          minivault_27, uniq_robin, uniq_crazy_yiuf_cottage, uniq_natasha

Skill      XL: |  1  2  3  4  5 |
---------------+----------------+-----
Conjurations   | 1 2 3 4 |  4.7
Dodging        | 2 |  2.8
Fighting       | 1 |  1.6
Stealth        | |  1.5
Spellcasting   | |  4.6
Summonings     | |  0.7
Translocations | |  0.7

Action                   |  1- 3 |  4- 6 || total
-------------------------+-------+-------++-------
Melee: Dagger            |    46 |    55 ||   101
       Spear             |       |    49 ||    49
 Cast: Magic Dart        |    95 |    62 ||   157
       Mephitic Cloud    |       |     8 ||     8
Evoke: Wand              |       |     2 ||     2
 Stab: Sleeping          |     1 |     1 ||     2
       Confused          |       |     3 ||     3
Armor: Robe              |     9 |    15 ||    24
Dodge: Dodged            |    52 |    70 ||   122

Table legend:
 A = Spawn XP
 B = Non-spawn XP
 C = Spawn XP percentage of total XP
 D = Spawn monster count
 E = Non-spawn monster count
 F = Spawn count percentage of total count
 G = Total turns spent on level
                    A         B        C        D         E        F      G
               +---------+---------+-------+---------+---------+-------+---------
         Total |       0 |     622 |   0.0 |       0 |      87 |   0.0 |  4181
               +---------+---------+-------+---------+---------+-------+---------
           D:1 |       0 |      54 |   0.0 |       0 |      28 |   0.0 |   990
           D:2 |       0 |     111 |   0.0 |       0 |      27 |   0.0 |  1245
           D:3 |       0 |     254 |   0.0 |       0 |      19 |   0.0 |  1561
           D:4 |       0 |     203 |   0.0 |       0 |      13 |   0.0 |   385
               +---------+---------+-------+---------+---------+-------+---------
